AoeStats
← Headhunter_GG

Arabia

509639207Analyzed
1v1 RM · 5d ago on Sep 27, 2026· 42m 14s· 2 players
Game mode
Random Map
Map size
Tiny (2 player)
Population
200
Speed
Normal
Resources
Standard
Victory
Conquest
Starting age
Dark Age
Ending age
Imperial Age
RankedLock teamsTeams togetherTeam positionsShared explorationLock speedFull tech treeHidden civsTurbo modeCheats
Victory
Defeat
🇨🇳 Spanish · China
1686
+14
🇩🇪 Franks · Germany
1647
-14
Headhunter_GG
6:37 Loom
9:18 Feudal Age
10:57 Double-Bit Axe
21:48 Castle Age
19:57 Gold Mining
21:37 Scale Barding Armor
21:59 Stone Mining
23:11 Wheelbarrow
23:58 Husbandry
24:14 Forging
25:05 Hand Cart
25:22 Light Cavalry
26:58 Bow Saw
30:46 Devotion
30:51 Town Watch
31:33 Fletching
36:52 Imperial Age
35:17 Ballistics
35:15 Elite Skirmisher
36:54 Chain Barding Armor
37:10 Iron Casting
36:53 Bodkin Arrow
37:35 Squires
38:16 Plate Barding Armor
38:43 Chemistry
37:26 Cavalier
41:05 Padded Archer Armor
42:08 Conscription
42:05 Paladin
Rye
5:55 Loom
8:47 Feudal Age
9:19 Double-Bit Axe
10:24 Horse Collar
20:53 Castle Age
19:06 Fletching
20:31 Bloodlines
21:14 Forging
22:07 Scale Barding Armor
27:56 Wheelbarrow
27:32 Husbandry
29:32 Iron Casting
34:10 Imperial Age
34:16 Imperial Age
34:15 Bodkin Arrow
34:42 Chain Barding Armor
35:49 Bracer
36:09 Chain Barding Armor
35:52 Padded Archer Armor
35:29 Elite Conquistador
37:28 Light Cavalry
39:13 Chemistry
42:16 Supremacy
42:39 Leather Archer Armor
Connection lost

Rejoining the realm…

Still unreachable

The connection could not be restored.

Session expired

The server has moved on; the page needs a fresh start.